 Dungeon Crawl Stone Soup version 0.29-a0-275-g389c0b56f3 (webtiles) character file.

Game seed: 3172371495637246669

333 Conn the Firebug (level 6, -7/37 HPs)
             Began as an Octopode Fire Elementalist on Mar 12, 2022.
             Mangled by a phantom (8 damage)
             ... on level 5 of the Dungeon.
             The game lasted 00:09:16 (4086 turns).

Conn the Firebug (Octopode Fire Elementalist)       Turns: 4086, Time: 00:09:17

Health: -7/37      AC:  1    Str: 11 (14) XL:     6   Next: 53%
Magic:  11/11      EV: 13    Int: 22 (25) God:
Gold:   133        SH:  0    Dex:  9 (12) Spells: 7/11 levels left

rFire   . . .      SeeInvis .   l - +5 dagger of Wounding {vamp, Will+ Int+6}
rCold   . . .      Faith    .   (no shield)
rNeg    . . .      Spirit   .   (helmet restricted)
rPois   .          Reflect  .   (no amulet)
rElec   .          Harm     .   c - +6 ring of strength
rCorr   +          Rampage  .   e - ring of resist corrosion
Will    +....                   (no ring)
Stlth   +++.......              (no ring)
HPRegen 0.12/turn               (no ring)
MPRegen 0.12/turn               (no ring)
                                (no ring)
                                (no ring)

@: mighty, brilliant, attractive
A: almost no armour, amphibious, 8 rings, camouflage 1, gelatinous body 1,
(nimble swimmer 1), tentacles
a: no special abilities


You were on level 5 of the Dungeon.
You visited 1 branch of the dungeon, and saw 5 of its levels.

You collected 133 gold pieces.

Inventory:

Hand Weapons
 d - a +0 dagger
 k - a +1 dagger of protection
 l - the +5 dagger of Wounding (weapon) {vamp, Will+ Int+6}
   (You took it off a hobgoblin on level 2 of the Dungeon)

   It occasionally heals its wielder for a portion of the damage dealt when it
   wounds a living foe.
   Int:       It affects your intelligence (+6).
   Will:      It increases your willpower.
Missiles
 m - 4 datura-tipped darts
 y - 6 atropa-tipped darts
Jewellery
 c - a +6 ring of strength (left tentacle)
 e - a ring of resist corrosion (right tentacle)
 o - a ring of ice
Scrolls
 b - 4 scrolls of teleportation {unknown}
 g - a scroll of immolation
 h - a scroll of noise {unknown}
 i - 2 scrolls of identify {unknown}
 r - 2 scrolls of fear {unknown}
 s - a scroll of fog {unknown}
 t - a scroll of vulnerability {unknown}
 u - a scroll of amnesia {unknown}
 w - a scroll of enchant weapon {unknown}
Potions
 a - a potion of magic
 f - a potion of flight
 x - a potion of invisibility {unknown}


   Skills:
 + Level 0.6 Fighting
 + Level 1.0 Short Blades
 + Level 2.4 Dodging
 + Level 4.5 Stealth
 + Level 3.4 Spellcasting
 + Level 2.3 Conjurations
 + Level 4.8 Fire Magic


You had 7 spell levels left.
You knew the following spells:

 Your Spells              Type           Power      Damage    Failure   Level
a - Foxfire               Conj/Fire      100%       2x1d9     2%          1
b - Conjure Flame         Conj/Fire      29%        6-21      9%          3

Your spell library contained the following spells:

 Spells                   Type           Power      Damage    Failure   Level
 Scorch                   Fire           74%        2d8       2%          2
 Inner Flame              Hex/Fire       21%        N/A       13%         3
 Flame Wave               Conj/Fire      29%        2d8       26%         4
 Freezing Cloud           Conj/Ice/Air   5%         6-21      94%         5
 Simulacrum               Ice/Necr       2%         N/A       100%        6
 Polar Vortex             Ice            2%         N/A       100%        9


Dungeon Overview and Level Annotations

Branches:
Dungeon (5/15)
 Temple: D:4-7

Altars:
Uskayaw

Shops:
D:3 *


Innate Abilities, Weirdness & Mutations

You cannot wear most types of armour.
You are amphibious.
You can wear up to eight rings at the same time.
Your skin changes colour to match your surroundings (Stealth+).
Your rubbery body absorbs attacks. (AC +1, EV +1)
((You are camouflaged when in or above water. (Stealth+)))
You have tentacles for arms and can constrict up to eight enemies at once.


Message History

You closely miss the scorpion. You grab the scorpion.
The scorpion is heavily wounded.
You constrict the scorpion, but do no damage.
You feel sick. The scorpion barely misses you.
You feel better.
You constrict the scorpion. The scorpion misses you.
You release your grip on the scorpion.
The scorpion attacks as you move away! The scorpion stings you!
The phantom attacks as you move away! The phantom barely misses you.
The phantom attacks as you move away! The phantom hits you!
The phantom attacks as you move away! The phantom barely misses you.
Casting: Foxfire (safe; 2% risk of failure)
Confirm with . or Enter, or press ? or * to list all spells.
Okay, then.
Unknown command.
Unknown command.
Okay, then.
It was a potion of attraction.
You feel attractive to monsters. The phantom closely misses you.
It was a potion of degeneration.
There was something very wrong with that liquid.
You feel weakened.
You feel dopey.
You feel clumsy. The phantom closely misses you.
It was a potion of might.
You feel very mighty all of a sudden. The phantom hits you!
* * * LOW HITPOINT WARNING * * *
The phantom blinks!
You blink.
The scorpion stings you.
* * * LOW HITPOINT WARNING * * *
Okay, then.
Okay, then.
Unknown command.
Unknown command.
Okay, then.
Unknown command.
Unknown command.
It was a potion of brilliance.
You feel clever all of a sudden. The phantom hits you!
You die...

#.........#
#.........#
#.....)..#
+........#
#........# #s#
#.#
#.############
#......W@s.ยง.#
############.#
#.# #.# #.# #.#
#.# #.# #.#


You could see a phantom and a scorpion.

Vanquished Creatures
  Menkaure (D:4)
  A scorpion (D:4)
  A gnoll shaman (D:4)
  An iguana (D:4)
  3 adders
  2 worms (D:2)
  3 dart slugs
  9 orcs (D:4)
  3 ball pythons
  5 bats
  6 endoplasms
  5 giant cockroaches
  7 hobgoblins
  3 jackals (D:3)
  2 kobolds
  2 quokkas (D:1)
  A frilled lizard (D:2)
  14 goblins
  5 rats
74 creatures vanquished.

Vanquished Creatures (others)
  224 foxfires
224 creatures vanquished.

Grand Total: 298 creatures vanquished

Notes
Turn   | Place    | Note
-------+----------+-------------------------------------------
     0 | D:1      | Conn the Octopode Fire Elementalist began the quest for the
                  | Orb.
     0 | D:1      | Reached XP level 1. HP: 11/11 MP: 3/3
   223 | D:1      | Reached XP level 2. HP: 17/17 MP: 0/5
   504 | D:1      | Found a faded altar of an unknown god.
   656 | D:1      | Reached XP level 3. HP: 21/21 MP: 1/6
  1160 | D:2      | Identified the +5 dagger of Wounding {vamp, Will+ Int+6}
  1178 | D:2      | Learned a level 3 spell: Conjure Flame
  1207 | D:2      | Found a hide-covered altar of Uskayaw.
  2124 | D:3      | Reached XP level 4. HP: 27/27 MP: 7/7
  2328 | D:3      | Found Mauneap's Assorted Antiques.
  3005 | D:4      | Reached XP level 5. HP: 31/31 MP: 9/9
  3249 | D:4      | Noticed Menkaure
  3262 | D:4      | Killed Menkaure
  3263 | D:4      | Reached XP level 6. HP: 20/37 MP: 4/11
  3992 | D:4      | Reached skill level 1 in Short Blades
  4032 | D:5      | Entered Level 5 of the Dungeon
  4063 | D:5      | Found the +4 dagger "Morg" {pain, Will+ Int+5}
  4085 | D:5      | HP: 1/37 [scorpion (5)]
  4086 | D:5      | Mangled by a phantom

Illustrated notes

Levels and vault maps discovered:
D:1:      dpeg_arrival_simpleton_b, layout_rooms,
          hellmonk_ecumenical_altar_blasted, st_stairs_2, minmay_cupped
D:2:      kennysheep_the_goblin_king, layout_loops_cross, basic_altar
D:3:      layout_rooms, serial_shops, shop_statue
D:4:      layout_basic, grunt_decor_one_mirror, st_stairs_2,
          supply_closet_lemuel, uniq_menkaure
D:5:      layout_basic, minmay_temple_entry_antechambers, serial_shops, shop

Skill      XL: |  1  2  3  4  5  6 |
---------------+-------------------+-----
Stealth        | 3 4 |  4.5
Fire Magic     | 4 |  4.8
Spellcasting   | 3 |  3.4
Conjurations   | 2 |  2.3
Short Blades   | 1 |  1.0
Fighting       | |  0.6
Dodging        | |  2.4

Action                   |  1- 3 |  4- 6 || total
-------------------------+-------+-------++-------
Melee: Dagger            |    21 |    22 ||    43
       Constrict         |     3 |     5 ||     8
       Tentacles         |     1 |     8 ||     9
       Punch             |     1 |       ||     1
 Cast: Foxfire           |    67 |    62 ||   129
       Conjure Flame     |       |     1 ||     1
  Use: Potion            |       |     7 ||     7
       Scroll            |       |     1 ||     1
 Stab: Sleeping          |     5 |     4 ||     9
Armor: Skin              |     1 |     4 ||     5
Dodge: Dodged            |    22 |    21 ||    43

Table legend: (Time is in decaauts)
 A = Elapsed time spent in this place.
 B = Non-inter-level travel time spent in this place.
 C = Inter-level travel time spent in this place.
 D = Time resting spent in this place.
 E = Time spent auto-exploring this place.
 F = Levels seen in this place.
 G = Mean time per level.
                   A        B        C        D        E       F      G
               +--------+--------+--------+--------+--------+-----+--------+
         Total |   4082 |   4016 |     66 |      0 |   3208 |   5 |  816.4 |
       Dungeon |   4082 |   4016 |     66 |      0 |   3208 |   5 |  816.4 |
               +--------+--------+--------+--------+--------+-----+--------+

Top non-repeatable levels by time:
     D:4: 1246 daAuts
     D:2: 1084 daAuts
     D:1: 935 daAuts
     D:3: 762 daAuts
     D:5: 53 daAuts
